 Dungeon Crawl Stone Soup version 0.27-a0-1149-g4505690ab0 (webtiles) character file.

Game seed: 12298088461938591709

18 Sobieck the Chopper (level 2, 0/27 HPs)
             Began as a Hill Orc Monk on May 12, 2021.
             Slain by an adder (4 damage)
             ... on level 2 of the Dungeon.
             The game lasted 00:01:29 (826 turns).

Sobieck the Chopper (Hill Orc Monk)                  Turns: 826, Time: 00:01:30

Health: 0/27       AC:  2    Str: 13    XL:     2   Next: 70%
Magic:  2/2        EV: 12    Int: 10    God:
Gold:   23         SH:  0    Dex: 13    Spells: 1/1 levels left

rFire    . . .     SeeInvis .   a - +0 hand axe {axe}
rCold    . . .     Faith    .   (no shield)
rNeg     . . .     Spirit   .   b - +0 robe
rPois    .         Reflect  .   (no helmet)
rElec    .         Harm     .   (no cloak)
rCorr    .         Rampage  .   (no gloves)
Will     .....                  (no boots)
Stlth    ++........             (no amulet)
HPRegen  0.09/turn              (no ring)
MPRegen  0.08/turn              (no ring)

@: lethally poisoned (0 -> -4)
A: no striking features
a: no special abilities


You were on level 2 of the Dungeon.
You visited 1 branch of the dungeon, and saw 2 of its levels.

You collected 23 gold pieces.


   Skills:
 - Level 4.0 Fighting
 + Level 4.9 Axes
 - Level 2.4 Dodging
 - Level 1.5 Stealth


You had one spell level left.
You didn't know any spells.
Your spell library was empty.

Inventory:

Hand Weapons
 a - a +0 hand axe (weapon) {axe}
 e - a +0 flail {mace}
   (You found it on level 2 of the Dungeon)
Armour
 b - a +0 robe (worn)
Scrolls
 c - a scroll of fog {unknown}
 d - 2 scrolls of teleportation {unknown}

Dungeon Overview and Level Annotations

Branches:
Dungeon (2/15)

Altars:

# #. #. #.##### . #. #.....#
##.. ##.. #.....# .....
....#.....#......
#..#.....#.....)
####....[.@.!# #####
#....#....S#.# #....
#..........# # #.###
#..........# #.#..
...##...################.#.#
#...# #.......# ...#.#.#
+..#.###.......# ##.#.#.#
####>..........# #...<...
#######.##### #..#...#


You could see an adder.


Message History

You hit the worm but do no damage. The worm closely misses you.
You barely miss the worm. The worm bites you. 😮 HP[-4]
You take 4 damage, and now have 18/27 hp.
You hit the worm but do no damage. You hit the worm.
The worm bites you. 😮 HP[-3]
You take 3 damage, and now have 15/27 hp.
You barely miss the worm. The worm barely misses you.
You hit the worm. You hit the worm. The worm bites you.
* * * LOW HITPOINT WARNING * * *
😨 HP[-2]
You take 2 damage, and now have 13/27 hp.
You hit the worm. The worm closely misses you. 😮 HP[+1]
You hit the worm but do no damage. You hit the worm but do no damage.
The worm barely misses you.
You hit the worm but do no damage. The worm closely misses you.
You hit the worm. You hit the worm but do no damage.
The worm barely misses you.
You hit the worm. The worm bites you.
* * * LOW HITPOINT WARNING * * *
😨 HP[-2]
You take 2 damage, and now have 12/27 hp.
You hit the worm.
You kill the worm!
You start resting. 😎 HP[+15]
Your hp is fully restored (27).
An endoplasm comes into view.
The endoplasm quivers.
You hit the endoplasm. The endoplasm hits you. 😕 HP[-2]
You take 2 damage, and now have 25/27 hp.
You slash the endoplasm!
You kill the endoplasm! 😕 HP[+1] No target in view!
You open the door.
There is an open door here.
You open the door.
There is an open door here.
A ball python comes into view.
Found a stone staircase leading down. 😎 HP[+1]
Your hp is fully restored (27).
You see here a +0 flail {mace}.
e - a +0 flail {mace} The ball python bites you.
The ball python closely misses you. 😕 HP[-1]
You take 1 damage, and now have 26/27 hp.
You hit the ball python. The ball python barely misses you.
The ball python misses you. The ball python closely misses you.
The ball python barely misses you.
You barely miss the ball python.
The ball python bites you but does no damage.
The ball python closely misses you.
You hit the ball python.
You kill the ball python!
There is a stone staircase leading down here.
An adder comes into view. 😎 HP[+1]
Your hp is fully restored (27).
You miss the adder. The adder barely misses you.
You barely miss the adder. The adder closely misses you.
The adder barely misses you.
You miss the adder. The adder closely misses you.
You completely miss the adder. The adder bites you.
You are poisoned.
The adder poisons you! 😕 HP[-5]
You take 5 damage, and now have 22/27 hp.
You closely miss the adder.
You feel sick. The adder bites you. x2
You are more poisoned.
The adder poisons you! 😮 HP[-8]
You take 8 damage, and now have 14/27 hp.
MASSIVE DAMAGE!! (PAUSE)
You completely miss the adder.
* * * LOW HITPOINT WARNING * * *
You feel very sick. The adder bites you.
* * * LOW HITPOINT WARNING * * *
😨 HP[-6]
You take 6 damage, and now have 8/27 hp.
MASSIVE DAMAGE!! (PAUSE)
You aren't carrying any potions.
* * * LOW HITPOINT WARNING * * *
You feel sick. The adder barely misses you. 😱 HP[-2]
You take 2 damage, and now have 6/27 hp.
* * * LOW HITPOINT WARNING * * *
You feel sick. The adder closely misses you. 😱 HP[-1]
You take 1 damage, and now have 5/27 hp.
You barely miss the adder.
* * * LOW HITPOINT WARNING * * *
You feel sick. The adder barely misses you. The adder bites you.
You die...

Skill      XL: |  1  2 |
---------------+-------+-----
Fighting       | 4 |  4.0
Axes           | |  4.9
Dodging        | |  2.4
Stealth        | |  1.5

Action                   || total
-------------------------++-------
Melee: Hand axe          ||    70
 Stab: Sleeping          ||     2
Armor: Robe              ||     7
Dodge: Dodged            ||    50

Levels and vault maps discovered:
D:1:      amcnicky_arrival_feature_with_door, layout_loops_ring
D:2:      layout_basic, uniq_jessica

Notes
Turn   | Place    | Note
-------+----------+-------------------------------------------
     0 | D:1      | Sobieck the Hill Orc Monk began the quest for the Orb.
     0 | D:1      | Reached XP level 1. HP: 19/19 MP: 1/1
     0 | D:1      | magus.rc [v1.9.6]
   200 | D:1      | Reached XP level 2. HP: 27/27 MP: 2/2
   201 | D:1      | Reached skill level 4 in Fighting
   824 | D:2      | HP: 6/27 [poisoned by an adder]
   826 | D:2      | Slain by an adder

Vanquished Creatures
  A worm (D:2)
  2 endoplasms
  A hobgoblin (D:1)
  A quokka (D:1)
  3 ball pythons
  2 bats (D:1)
  A frilled lizard (D:1)
  3 goblins (D:1)
  A rat (D:1)
15 creatures vanquished.

Table legend:
 A = Non-vault XP
 B = Vault XP
 C = Vault XP percentage of total XP
 D = Non-vault monster count
 E = Vault monster count
 F = Vault count percentage of total count
                 A         B        C        D         E       F
            +---------+---------+-------+---------+---------+-------
      Total |      27 |       0 |   0.0 |      15 |       0 |   0.0
            +---------+---------+-------+---------+---------+-------
        D:1 |      18 |       0 |   0.0 |      12 |       0 |   0.0
        D:2 |       9 |       0 |   0.0 |       3 |       0 |   0.0
            +---------+---------+-------+---------+---------+-------

Illustrated notes

Table legend:
 A = Kills in this place as a percentage of kills in entire the game.
 B = Kills by you in this place as a percentage of kills by you in the entire game.
 C = Kills by friends in this place as a percentage of kills by friends in the entire game.
 D = Other kills in this place as a percentage of other kills in the entire game.
 E = Experience gained in this place as a percentage of experience gained in the entire game.
 F = Experience gained in this place divided by the number of levels of this place that you have seen.
                   A       B       C       D       E      F
               +-------+-------+-------+-------+-------+----------------------
         Total | 100.0 | 100.0 |   N/A |   N/A | 100.0 |  13.5
       Dungeon | 100.0 | 100.0 |   N/A |   N/A | 100.0 |  13.5
               +-------+-------+-------+-------+-------+----------------------

Table legend: (Time is in decaauts)
 A = Elapsed time spent in this place.
 B = Non-inter-level travel time spent in this place.
 C = Inter-level travel time spent in this place.
 D = Time resting spent in this place.
 E = Time spent auto-exploring this place.
 F = Levels seen in this place.
 G = Mean time per level.
                   A        B        C        D        E       F      G
               +--------+--------+--------+--------+--------+-----+--------+
         Total |    832 |    781 |     51 |    326 |    290 |   2 |  416.0 |
       Dungeon |    832 |    781 |     51 |    326 |    290 |   2 |  416.0 |
               +--------+--------+--------+--------+--------+-----+--------+

Top non-repeatable levels by time:
     D:1: 513 daAuts
     D:2: 319 daAuts
